[Event "120'/40 Runde 6"]
[Site "julihzl"]
[Date "2004.11.26"]
[Round "6"]
[White "Goda, Frederic"]
[Black "Kühn, Bernd"]
[Result "1-0"]
[ECO "D00"]
[WhiteElo "1399"]
[BlackElo "1704"]
[Annotator ",FRED"]
[PlyCount "51"]
[EventDate "2004.??.??"]
[TimeControl "40/7200:0"]

{304MB, Fritz8.ctg, SCHACHCOM} 1. d4 Nf6 2. Nc3 d5 3. e4 dxe4 4. f3 exf3 5.
Nxf3 g6 6. Bc4 e6 7. Bg5 Bg7 8. Ne4 c6 9. O-O h6 10. Nxf6+ Bxf6 11. Bxf6 Qxf6
12. Ne5 Qg5 13. Nxf7 Qe3+ 14. Kh1 O-O 15. Ne5 Qe4 16. Bd3 Qxd4 17. Rxf8+ Kxf8
18. Qf3+ Ke7 19. Nxg6+ Kd8 20. Rd1 Nd7 21. Be4 Qg7 22. Qf4 Ke8 23. Qh4 Nf6 24.
Ne5 Qg5 25. Bg6+ Ke7 26. Qb4+ 1-0

[Event "120'/40 Runde 6"]
[Site "julihzl"]
[Date "2004.11.26"]
[Round "6"]
[White "Topalovic, Ljubisav"]
[Black "Wendel, Walter"]
[Result "1-0"]
[ECO "B10"]
[WhiteElo "1618"]
[BlackElo "1400"]
[Annotator ",FRED"]
[PlyCount "59"]
[EventDate "2004.??.??"]
[TimeControl "40/7200:0"]

{304MB, Fritz8.ctg, SCHACHCOM} 1. e4 c6 2. Nc3 e6 3. f4 Qc7 4. d4 Nf6 5. Nf3
Bb4 6. Bd3 d6 7. O-O Nbd7 8. e5 Bxc3 9. bxc3 Nd5 10. Bd2 b5 11. Ng5 N7b6 12.
Ne4 dxe5 13. fxe5 Nc4 14. Bxc4 bxc4 15. Nd6+ Kd7 16. Rxf7+ Ne7 17. Bg5 Qd8 18.
Rxe7+ Qxe7 19. Bxe7 Kxe7 20. Qh5 g6 21. Qg5+ Kd7 22. Rf1 Kc7 23. Qe7+ Bd7 24.
Rf7 Rad8 25. Qxe6 Rhf8 26. Qxc4 Rb8 27. Rxf8 Rxf8 28. Qa6 Kd8 29. Qxa7 Ke7 30.
Ne4 1-0

[Event "120'/40 Runde 6"]
[Site "julihzl"]
[Date "2004.11.26"]
[Round "6"]
[White "Kelemen, Norbert"]
[Black "Huppertz, Anton"]
[Result "1-0"]
[ECO "C07"]
[WhiteElo "1542"]
[BlackElo "1172"]
[Annotator ",FRED"]
[PlyCount "75"]
[EventDate "2004.??.??"]
[TimeControl "40/7200:0"]

{304MB, Fritz8.ctg, SCHACHCOM} 1. e4 e6 2. d4 d5 3. Nd2 c5 4. c3 cxd4 5. cxd4
Bb4 6. e5 Ne7 7. a3 Bxd2+ 8. Qxd2 Nbc6 9. b4 a6 10. Bb2 b5 11. f4 Nf5 12. Nf3
h6 13. Qf2 Bd7 14. Bd3 Nfe7 15. O-O Rc8 16. Rac1 Na7 17. Rc2 Rxc2 18. Qxc2 Qc8
19. Qf2 O-O 20. Qh4 Nf5 21. Qh3 Ne3 22. Re1 Nc4 23. Bc1 f5 24. g4 fxg4 25. Qxg4
Be8 26. Nh4 Nc6 27. Ng6 Bxg6 28. Qxg6 Nxd4 29. Qh7+ Kf7 30. Bg6+ Ke7 31. Qxg7+
Kd8 32. Qxf8+ Kc7 33. Qxc8+ Kxc8 34. Kf2 Nb3 35. f5 exf5 36. Bxf5+ Kd8 37. e6
Ke7 38. Bxh6 1-0

[Event "120'/40 Runde 6"]
[Site "julihzl"]
[Date "2004.11.26"]
[Round "6"]
[White "Andritzke, Karl-Heinz"]
[Black "Sanna, Guiseppe"]
[Result "1-0"]
[ECO "A03"]
[WhiteElo "1490"]
[BlackElo "1520"]
[Annotator ",FRED"]
[PlyCount "79"]
[EventDate "2004.??.??"]
[TimeControl "40/7200:0"]

{304MB, Fritz8.ctg, SCHACHCOM} 1. f4 d5 2. Nf3 Nf6 3. e3 g6 4. c3 Bg7 5. Be2 c5
6. O-O O-O 7. b3 Nc6 8. Bb5 Qb6 9. Bxc6 Qxc6 10. Ne5 Qc7 11. Bb2 b6 12. d3 Bb7
13. Nd2 Nd7 14. Nxd7 Qxd7 15. Nf3 b5 16. d4 c4 17. Ba3 cxb3 18. axb3 Rac8 19.
Bc5 a6 20. b4 Rfe8 21. Ne5 Qc7 22. Rf3 f6 23. Nd3 e5 24. fxe5 fxe5 25. Rh3 exd4
26. exd4 Re4 27. Qf3 Rce8 28. Qf2 Re2 29. Qh4 h6 30. Rf3 Rc2 31. Raf1 Rce2 32.
Rf7 Qb8 33. Ne5 Re4 34. Qg3 g5 35. Qh3 Qc8 36. Qh5 Re6 37. Rf8+ Bxf8 38. Rxf8+
Qxf8 39. Bxf8 Kxf8 40. Qf7# 1-0

[Event "120'/40 Runde 6"]
[Site "julihzl"]
[Date "2004.11.26"]
[Round "6"]
[White "Sauter, Berthold"]
[Black "Scholz, Michael"]
[Result "1-0"]
[ECO "D30"]
[WhiteElo "1421"]
[BlackElo "1484"]
[Annotator ",FRED"]
[PlyCount "95"]
[EventDate "2004.??.??"]
[TimeControl "40/7200:0"]

{304MB, Fritz8.ctg, SCHACHCOM} 1. c4 e6 2. d4 d5 3. e3 Nf6 4. Nf3 b6 5. a3 Bb7
6. Nc3 Be7 7. Bd3 dxc4 8. Bxc4 O-O 9. Qe2 Re8 10. O-O c5 11. dxc5 Bxc5 12. Rd1
Qc8 13. b4 Be7 14. Bb2 Nbd7 15. Rac1 Bxf3 16. gxf3 Ne5 17. Ba6 Qc6 18. Ne4
Nxf3+ 19. Qxf3 Qxe4 20. Qxe4 Nxe4 21. Bb7 Nxf2 22. Kxf2 Rab8 23. Rd7 Rbd8 24.
Rcd1 f6 25. b5 Kf7 26. a4 Rxd7 27. Rxd7 Rd8 28. Rxd8 Bxd8 29. Kf3 Be7 30. Bc3
Ke8 31. e4 e5 32. Bd2 Kf7 33. Bd5+ Kf8 34. Be6 h5 35. a5 bxa5 36. Bxa5 Bd6 37.
Be1 Be7 38. Bf2 g6 39. Bxa7 Bd6 40. Bb6 Be7 41. Bc7 Bb4 42. Bd8 Bc5 43. b6 Bd6
44. b7 Bb8 45. Bd7 f5 46. exf5 gxf5 47. Bxf5 Kf7 48. Bh4 1-0

[Event "120'/40 Runde 7"]
[Site "julihzl"]
[Date "2004.12.10"]
[Round "7"]
[White "Oberst, Thomas"]
[Black "Schulze, Andreas"]
[Result "1-0"]
[ECO "E16"]
[WhiteElo "2280"]
[BlackElo "2060"]
[Annotator ",FRED"]
[PlyCount "99"]
[EventDate "2004.??.??"]
[TimeControl "40/7200:0"]

{304MB, Fritz8.ctg, SCHACHCOM} 1. d4 Nf6 2. c4 e6 3. Nf3 b6 4. g3 Bb7 5. Bg2
Bb4+ 6. Bd2 Be7 7. O-O O-O 8. Bf4 d5 9. Ne5 Nfd7 10. Nc3 Nxe5 11. Bxe5 c6 12.
Qa4 Bf6 13. Bxf6 Qxf6 14. Rfd1 Rd8 15. e4 dxe4 16. Nxe4 Qe7 17. c5 b5 18. Qb3
Nd7 19. Nd6 Nf6 20. Re1 Ne8 21. Nxe8 Qxe8 22. Rad1 Rd7 23. f4 Qd8 24. Qc3 Qf6
25. Re5 Rad8 26. Qe3 Qh6 27. Bf3 g6 28. h4 Qg7 29. h5 Qf6 30. h6 Kf8 31. Kg2
Re8 32. g4 Qd8 33. g5 a6 34. Kg3 Qb8 35. Re1 Red8 36. Rd1 Qc7 37. Qc3 a5 38. a3
Qb8 39. Re4 Rd5 40. Qxa5 Rxg5+ 41. Kf2 Rgd5 42. Ke3 R8d7 43. Re5 Rxe5+ 44. dxe5
Rxd1 45. Bxd1 Ke8 46. Qd2 Qc7 47. Qd6 Qxd6 48. cxd6 f6 49. Kd4 Kf7 50. Bc2 1-0

[Event "120'/40 Runde 7"]
[Site "julihzl"]
[Date "2004.12.10"]
[Round "7"]
[White "Lainburg, Viktor"]
[Black "Madeo, Giovanni"]
[Result "1-0"]
[ECO "A04"]
[WhiteElo "2070"]
[BlackElo "1877"]
[Annotator ",FRED"]
[PlyCount "48"]
[TimeControl "40/7200:0/0:0/0"]

{304MB, Fritz8.ctg, SCHACHCOM
} 1. Nf3 e6 2. g3 b6 3. e4 Bb7 4. d3 c5 5. Bg2 d6
6. O-O Be7 7. Nbd2 Nf6 8. Re1 Nbd7 9. c3 O-O 10. h3 Rc8 11. Nh2 Ne5 12. Bf1 Qc7
13. f4 Ned7 14. g4 Ne8 15. Ndf3 d5 16. e5 d4 17. c4 f6 18. exf6 Rxf6 19. g5
Rxf4 20. Bxf4 Qxf4 21. Qe2 Nc7 22. Bg2 Bxg5 23. Nxg5 Bxg2 24. Qxg2 Rf8 1-0

[Event "120'/40 Runde 7"]
[Site "julihzl"]
[Date "2004.12.10"]
[Round "7"]
[White "Locher, Klaus"]
[Black "Wolf, Rainer"]
[Result "0-1"]
[ECO "A36"]
[WhiteElo "1800"]
[BlackElo "2048"]
[Annotator ",FRED"]
[PlyCount "72"]
[TimeControl "40/7200:0/0:0/0"]

{304MB, Fritz8.ctg, SCHACHCOM
} 1. c4 c5 2. Nc3 Nc6 3. g3 g6 4. Bg2 Bg7 5. e4
d6 6. Nge2 h5 7. h4 Bg4 8. f3 Bd7 9. d3 e6 10. Be3 Nd4 11. Bf2 Qa5 12. O-O
Nxe2+ 13. Nxe2 Bxb2 14. Rb1 Bg7 15. d4 Qc7 16. dxc5 dxc5 17. f4 Rd8 18. Qc2 b6
19. Rbd1 Ne7 20. Rd3 O-O 21. Rfd1 Bc8 22. Nc3 Bxc3 23. Qxc3 Rxd3 24. Qxd3 Nc6
25. Qd6 Qxd6 26. Rxd6 Na5 27. Bf1 Ba6 28. Be1 Nb7 29. Rc6 Rd8 30. Bc3 Nd6 31.
Bf6 Rd7 32. f5 Bb7 33. fxe6 fxe6 34. Rxd6 Rxd6 35. e5 Rd2 36. Bh3 Kf7 0-1

[Event "120'/40 Runde 7"]
[Site "julihzl"]
[Date "2004.12.10"]
[Round "7"]
[White "Neidlinger, Markus"]
[Black "Mouratidis, Charalampos"]
[Result "0-1"]
[ECO "B13"]
[WhiteElo "2000"]
[BlackElo "1666"]
[Annotator ",FRED"]
[PlyCount "24"]
[TimeControl "40/7200:0/0:0/0"]

{304MB, Fritz8.ctg, SCHACHCOM
} 1. e4 d5 2. exd5 Nf6 3. c4 c6 4. d4 cxd5 5. Be3
Qb6 6. Qc2 Nc6 7. Nf3 Bf5 8. Qxf5 Qxb2 9. cxd5 e6 10. dxe6 Bb4+ 11. Bd2 Bxd2+
12. Nfxd2 Qc1+ 0-1

[Event "120'/40 Runde 7"]
[Site "julihzl"]
[Date "2004.12.10"]
[Round "7"]
[White "Nuber, Reinhard"]
[Black "Geutebrueck, Sebastian"]
[Result "1/2-1/2"]
[ECO "D14"]
[WhiteElo "1764"]
[BlackElo "1923"]
[Annotator ",FRED"]
[PlyCount "51"]
[TimeControl "40/7200:0/0:0/0"]

{304MB, Fritz8.ctg, SCHACHCOM
} 1. d4 d5 2. c4 c6 3. cxd5 cxd5 4. Nf3 Nf6 5.
Nc3 Nc6 6. Bf4 Bf5 7. e3 e6 8. Bd3 Bxd3 9. Qxd3 Be7 10. Ne5 O-O 11. Nxc6 bxc6
12. O-O Qb6 13. a3 a5 14. Na4 Qb5 15. Qxb5 cxb5 16. Nc5 a4 17. Rfc1 Rfc8 18. f3
Bxc5 19. Rxc5 Rxc5 20. dxc5 Rc8 21. Rc1 Rc6 22. Kf2 Nd7 23. Bd6 f6 24. Rc3 Kf7
25. h3 e5 26. b4 1/2-1/2

[Event "120'/40 Runde 7"]
[Site "julihzl"]
[Date "2004.12.10"]
[Round "7"]
[White "Jehle, Bernhard"]
[Black "Hartmann, Thomas"]
[Result "1/2-1/2"]
[ECO "B00"]
[WhiteElo "1817"]
[BlackElo "1910"]
[Annotator ",FRED"]
[PlyCount "29"]
[TimeControl "40/7200:0/0:0/0"]

{304MB, Fritz8.ctg, SCHACHCOM
} 1. e4 b6 2. d4 Bb7 3. Nc3 e6 4. a3 c5 5. Nf3
cxd4 6. Nxd4 Nc6 7. Be3 a6 8. Qd2 Nf6 9. f3 Bc5 10. Be2 O-O 11. Nb3 Bxe3 12.
Qxe3 d5 13. O-O-O Qc7 14. exd5 exd5 15. Nd4 1/2-1/2

[Event "120'/40 Runde 7"]
[Site "julihzl"]
[Date "2004.12.10"]
[Round "7"]
[White "Gebhardt, Uwe"]
[Black "Fiedler, Peter"]
[Result "1-0"]
[ECO "D35"]
[WhiteElo "1980"]
[BlackElo "1766"]
[Annotator ",FRED"]
[PlyCount "31"]
[TimeControl "40/7200:0/0:0/0"]

{304MB, Fritz8.ctg, SCHACHCOM
} 1. d4 d5 2. c4 e6 3. Nc3 Nf6 4. cxd5 exd5 5.
Bg5 Be7 6. e3 Bf5 7. Bd3 Bxd3 8. Qxd3 c6 9. Nge2 Nbd7 10. O-O Ne4 11. Nxe4 Bxg5
12. Nd6+ Kf8 13. Nxb7 Qe7 14. Rfc1 Rc8 15. Nc5 Nf6 16. Qf5 1-0

[Event "120'/40 Runde 7"]
[Site "julihzl"]
[Date "2004.12.10"]
[Round "7"]
[White "Heinrich, Klaus"]
[Black "Gonzelez, Juan Jose"]
[Result "1-0"]
[ECO "C30"]
[WhiteElo "1844"]
[BlackElo "1697"]
[Annotator ",FRED"]
[PlyCount "55"]
[TimeControl "40/7200:0/0:0/0"]

{304MB, Fritz8.ctg, SCHACHCOM
} 1. f4 d6 2. e4 e5 3. Nf3 Nc6 4. Bb5 Bg4 5. d3
a6 6. Bxc6+ bxc6 7. h3 Bxf3 8. Qxf3 Qh4+ 9. g3 Qh6 10. Nc3 exf4 11. Bxf4 Qe6
12. O-O-O Ne7 13. d4 Ng6 14. d5 Qd7 15. e5 c5 16. e6 Qe7 17. Rde1 f6 18. g4
Nxf4 19. Qxf4 g6 20. Qa4+ Kd8 21. Rhf1 Bh6+ 22. Kb1 Bd2 23. Re4 Bxc3 24. bxc3
Rb8+ 25. Ka1 Rb6 26. Rxf6 Qe8 27. e7+ Kc8 28. Rf8 1-0

[Event "120'/40 Runde 7"]
[Site "julihzl"]
[Date "2004.12.10"]
[Round "7"]
[White "Lepschi, Albert"]
[Black "Stürmer, Axel"]
[Result "1/2-1/2"]
[ECO "B10"]
[WhiteElo "1699"]
[BlackElo "1904"]
[Annotator ",FRED"]
[PlyCount "27"]
[TimeControl "40/7200:0/0:0/0"]

{304MB, Fritz8.ctg, SCHACHCOM
} 1. e4 c6 2. c4 Qa5 3. Nc3 Nf6 4. Nf3 d6 5. Be2
e5 6. Qc2 c5 7. O-O Nc6 8. d3 Bg4 9. Qd1 h6 10. Bd2 Qd8 11. Ne1 Bxe2 12. Nxe2
g5 13. Ng3 Qd7 14. Qf3 1/2-1/2

[Event "120'/40 Runde 7"]
[Site "julihzl"]
[Date "2004.12.10"]
[Round "7"]
[White "Dorer, Manfred"]
[Black "Topalovic, Ljubisav"]
[Result "1/2-1/2"]
[ECO "C64"]
[WhiteElo "1799"]
[BlackElo "1618"]
[Annotator ",FRED"]
[PlyCount "56"]
[TimeControl "40/7200:0/0:0/0"]

{304MB, Fritz8.ctg, SCHACHCOM
} 1. e4 e5 2. Nf3 Nc6 3. Bb5 Bc5 4. O-O d6 5. d4
exd4 6. Nxd4 Bd7 7. Nxc6 Bxc6 8. Bxc6+ bxc6 9. Nd2 Nf6 10. Re1 O-O 11. Nb3 Bb6
12. Bg5 h6 13. Bh4 g5 14. Bg3 Re8 15. e5 dxe5 16. Bxe5 Qxd1 17. Raxd1 Bxf2+ 18.
Kxf2 Ng4+ 19. Kf1 Nxe5 20. h3 f6 21. Nc5 Nc4 22. Rxe8+ Rxe8 23. Rd7 Nxb2 24.
Rxc7 Nc4 25. Rxc6 Ne3+ 26. Kf2 Nxc2 27. Rxf6 Kg7 28. Rd6 Re7 1/2-1/2

[Event "120'/40 Runde 7"]
[Site "julihzl"]
[Date "2004.12.10"]
[Round "7"]
[White "Krauß, Rainer"]
[Black "Grupp, Berthold"]
[Result "0-1"]
[ECO "C02"]
[WhiteElo "1780"]
[BlackElo "1730"]
[Annotator ",FRED"]
[PlyCount "90"]
[TimeControl "40/7200:0/0:0/0"]

{304MB, Fritz8.ctg, SCHACHCOM
} 1. e4 e6 2. d4 d5 3. e5 c5 4. Bb5+ Bd7 5. Bxd7+
Nxd7 6. c3 cxd4 7. cxd4 Bb4+ 8. Bd2 Bxd2+ 9. Nxd2 Ne7 10. Ngf3 Nc6 11. O-O Qb6
12. Nb3 a5 13. Qd2 a4 14. Nc1 O-O 15. Re1 Qb4 16. Ne2 Qxd2 17. Nxd2 Rfc8 18.
Rec1 Nb6 19. Rc3 Kf8 20. Rac1 Ke7 21. f4 a3 22. Rxa3 Rxa3 23. bxa3 Nxd4 24.
Rxc8 Nxe2+ 25. Kf2 Nxc8 26. Kxe2 Kd7 27. Kd3 Kc6 28. Kc3 Kb5 29. Kb3 Nb6 30. g3
Kc5 31. Kc3 Kb5 32. Kb3 Na4 33. Nb1 Nc5+ 34. Kc3 Ne4+ 35. Kd3 Kc5 36. Nc3 Nxc3
37. Kxc3 d4+ 38. Kd3 Kd5 39. h3 f6 40. exf6 gxf6 41. g4 e5 42. fxe5 fxe5 43. g5
e4+ 44. Ke2 Ke5 45. h4 Kf4 0-1

[Event "120'/40 Runde 7"]
[Site "julihzl"]
[Date "2004.12.10"]
[Round "7"]
[White "Geisdorf, Uwe"]
[Black "Kelemen, Norbert"]
[Result "1-0"]
[ECO "E24"]
[WhiteElo "1650"]
[BlackElo "1542"]
[Annotator ",FRED"]
[PlyCount "86"]
[TimeControl "40/7200:0/0:0/0"]

{304MB, Fritz8.ctg, SCHACHCOM
} 1. d4 Nf6 2. c4 e6 3. Nc3 Bb4 4. a3 Bxc3+ 5.
bxc3 b6 6. Bg5 Bb7 7. Bxf6 Qxf6 8. Qc2 d5 9. e3 Nd7 10. cxd5 Bxd5 11. e4 Qg6
12. f3 Bb7 13. Bd3 e5 14. Nh3 Qd6 15. d5 Rc8 16. c4 Nc5 17. O-O O-O 18. Rae1 c6
19. f4 cxd5 20. cxd5 exf4 21. Qd1 Qe5 22. Bb1 g5 23. Qg4 f6 24. Nxf4 Qd4+ 25.
Kh1 Ba6 26. Ne6 Nxe6 27. Qxe6+ Kg7 28. Rg1 Qc5 29. e5 Qc3 30. Qf5 Rh8 31. d6
Rce8 32. exf6+ Qxf6 33. Qd7+ Qf7 34. Re7 Rxe7 35. dxe7 Bc8 36. Qd4+ Qf6 37. Qe4
Re8 38. Re1 Kf7 39. Ba2+ Kg7 40. Kg1 h5 41. Qe3 Kg6 42. a4 Bg4 43. Kh1 Qd6 1-0

[Event "120'/40 Runde 7"]
[Site "julihzl"]
[Date "2004.12.10"]
[Round "7"]
[White "Bothe, Jonas"]
[Black "Kowalski, Hans-Michael"]
[Result "0-1"]
[ECO "C00"]
[WhiteElo "1430"]
[BlackElo "1650"]
[Annotator ",FRED"]
[PlyCount "62"]
[TimeControl "40/7200:0/0:0/0"]

{304MB, Fritz8.ctg, SCHACHCOM
} 1. e4 e6 2. d4 c6 3. b3 d5 4. e5 Ne7 5. Bd3 Qc7
6. Ba3 Nd7 7. f4 c5 8. Nf3 b6 9. O-O Bb7 10. Nc3 a6 11. Na4 c4 12. Bxe7 Bxe7
13. Be2 b5 14. Nb2 O-O 15. a3 f6 16. b4 a5 17. c3 axb4 18. axb4 Rxa1 19. Qxa1
Ra8 20. Qc1 Qb6 21. Qe3 f5 22. h3 Ra3 23. Nh2 Bxb4 24. Rb1 Be7 25. g4 b4 26.
gxf5 exf5 27. e6 Nf8 28. Qe5 Qxe6 29. Qxe6+ Nxe6 30. cxb4 Bxb4 31. Nf3 Nxf4 0-1

[Event "120'/40 Runde 7"]
[Site "julihzl"]
[Date "2004.12.10"]
[Round "7"]
[White "Piontek, Carsten"]
[Black "Jahn, Manfred"]
[Result "0-1"]
[ECO "D02"]
[WhiteElo "1331"]
[BlackElo "1596"]
[Annotator ",FRED"]
[PlyCount "76"]
[TimeControl "40/7200:0/0:0/0"]

{304MB, Fritz8.ctg, SCHACHCOM
} 1. d4 d5 2. Nf3 c5 3. c3 e6 4. Bf4 Nc6 5. e3
Nf6 6. h3 Bd6 7. Bxd6 Qxd6 8. Bd3 c4 9. Bc2 a6 10. O-O O-O 11. Nbd2 b5 12. Re1
Re8 13. e4 dxe4 14. Nxe4 Nxe4 15. Bxe4 Bd7 16. Ne5 Nxe5 17. Bxh7+ Kxh7 18. Qh5+
Kg8 19. Rxe5 f6 20. Re4 Qd5 21. Qg6 Qf5 22. Qxf5 exf5 23. Ree1 Rxe1+ 24. Rxe1
Re8 25. Rxe8+ Bxe8 26. Kf1 Kf7 27. Ke2 g5 28. g3 Bc6 29. Ke3 Bd5 30. h4 f4+ 31.
Kd2 fxg3 32. fxg3 gxh4 33. gxh4 Kg6 34. Ke3 Kf5 35. h5 Kg5 36. h6 Kxh6 37. Kf4
Kg6 38. a3 a5 0-1

[Event "120'/40 Runde 7"]
[Site "julihzl"]
[Date "2004.12.10"]
[Round "7"]
[White "Wendel, Walter"]
[Black "Kühn, Bernd"]
[Result "1-0"]
[ECO "B34"]
[WhiteElo "1400"]
[BlackElo "1704"]
[Annotator ",FRED"]
[PlyCount "73"]
[TimeControl "40/7200:0/0:0/0"]

{304MB, Fritz8.ctg, SCHACHCOM
} 1. e4 c5 2. Nf3 Nc6 3. d4 cxd4 4. Nxd4 g6 5.
Be3 Bg7 6. c3 Nf6 7. Nd2 O-O 8. Be2 d5 9. Bf3 e5 10. Nxc6 bxc6 11. O-O Ba6 12.
Re1 Qc7 13. Bc5 Rfd8 14. Qc2 Rab8 15. b4 Re8 16. Nb3 Rbd8 17. Rad1 Bb5 18. Na5
Nd7 19. a4 Nxc5 20. axb5 Nxe4 21. Nxc6 Rc8 22. Bxe4 dxe4 23. Ra1 Qb6 24. c4
Rxc6 25. bxc6 Qxc6 26. Qxe4 Qb6 27. c5 Qc7 28. Ra6 Rb8 29. Rd1 f5 30. Qc4+ Kh8
31. Rad6 Rf8 32. b5 e4 33. Rd7 Qf4 34. Rd8 Qe5 35. Rxf8+ Bxf8 36. c6 Bd6 37.
Qd4 1-0

[Event "120'/40 Runde 7"]
[Site "julihzl"]
[Date "2004.12.10"]
[Round "7"]
[White "Huppertz, Anton"]
[Black "Andritzke, Karl-Heinz"]
[Result "1-0"]
[ECO "E91"]
[WhiteElo "1172"]
[BlackElo "1490"]
[Annotator ",FRED"]
[PlyCount "63"]
[EventDate "2004.??.??"]
[TimeControl "40/7200:0"]

{304MB, Fritz8.ctg, SCHACHCOM} 1. d4 Nf6 2. c4 g6 3. Nc3 Bg7 4. e4 d6 5. Nf3
O-O 6. Be2 a6 7. O-O e6 8. Bg5 Qe8 9. Qd2 Nc6 10. a3 Ne7 11. Bh6 b6 12. Bxg7
Kxg7 13. e5 Nd7 14. Ne4 d5 15. Nf6 Nxf6 16. exf6+ Kxf6 17. Qf4+ Kg7 18. Qxc7
Qc6 19. Qxe7 Bb7 20. Ne5 Qe8 21. Qxb7 Kh8 22. Qd7 f6 23. Qxe8 Rfxe8 24. Nd7 Ra7
25. Nxb6 Rb7 26. c5 e5 27. dxe5 Rxe5 28. Bxa6 Ra7 29. Bb5 Ra5 30. a4 d4 31.
Rfe1 Rxc5 32. b4 1-0

[Event "120'/40 Runde 7"]
[Site "julihzl"]
[Date "2004.12.10"]
[Round "7"]
[White "Pletz, Bernd"]
[Black "Sauter, Berthold"]
[Result "1/2-1/2"]
[ECO "D10"]
[WhiteElo "1270"]
[BlackElo "1421"]
[Annotator ",FRED"]
[PlyCount "44"]
[TimeControl "40/7200:0/0:0/0"]

{304MB, Fritz8.ctg, SCHACHCOM
} 1. d4 c6 2. c4 d5 3. Bf4 Nf6 4. e3 Bf5 5. Bd3
Bxd3 6. Qxd3 Ne4 7. f3 Qa5+ 8. Nc3 Nxc3 9. bxc3 dxc4 10. Qxc4 e6 11. Ne2 Be7
12. O-O Nd7 13. Rab1 Nb6 14. Qb3 O-O 15. c4 c5 16. Rfe1 Rac8 17. Rbc1 Qa4 18.
Qc2 Rfd8 19. Nc3 Qc6 20. Nb5 Ra8 21. Nc7 Rac8 22. Nb5 Ra8 1/2-1/2